 Dungeon Crawl Stone Soup version 0.14-a0-3424-g5348755 (webtiles) character file.

5236 Kae the Bludgeoner (level 10, -10/77 HPs)
             Began as a Minotaur Fighter on Mar 22, 2014.
             Was a Priest of Okawaru.
             Mangled by a tentacled starspawn (17 damage)
             ... on Level 1 of the Abyss.
             The game lasted 00:16:05 (10227 turns).

Kae the Bludgeoner (Minotaur Fighter)              Turns: 10227, Time: 00:16:05

HP -10/77        AC 10     Str 25      XL: 10   Next: 28%
MP   4/4         EV  6     Int  7      God: Okawaru [***...]
Gold 264         SH  0     Dex 10      Spells:  0 memorised,  9 levels left

rFire  . . .     SeeInvis .     v - +2,+3 dire flail
rCold  . . .     Clarity  .     u - +0 plate armour
rNeg   . . .     Conserve .     (no shield)
rPois  .         rCorr    .     (helmet restricted)
rElec  .         rRot     .     (no cloak)
SustAb . .       Spirit   .     b - -2 pair of gloves
rMut   .         Warding  .     (no boots)
Saprov . . .     Stasis   .     (no amulet)
MR     +....                    p - +3 ring of strength
                                e - ring of protection from magic

@: somewhat resistant to hostile enchantments, extremely unstealthy
A: retaliatory headbutt, horns 2
a: Heroism, Renounce Religion


You were on level 1 of the Abyss.
You worshipped Okawaru.
Okawaru was most pleased with you.
You were hungry.

You visited 1 branch of the dungeon, and saw 9 of its levels.
You visited the Abyss 1 time.

You collected 264 gold pieces.

Inventory:

Hand weapons
 a - a +0,+1 flail
 v - a +2,+3 dire flail (weapon)
 H - a +0,+0 dire flail of crushing
Missiles
 F - 6 tomahawks of returning (quivered)
Armour
 b - a -2 pair of gloves (worn)
 u - a +0 plate armour (worn)
Magical devices
 t - a wand of frost (17)
 y - a wand of lightning (0)
 C - a wand of teleportation (5) {unknown}
 D - a wand of invisibility (6) {unknown}
Comestibles
 d - 5 bread rations
 l - 2 meat rations
 m - 5 apples
 o - 4 apricots
 r - a beef jerky
 x - 7 oranges
 A - 6 pears
 B - 11 grapes
Scrolls
 c - a scroll of teleportation
 f - 3 scrolls of magic mapping
 g - 2 scrolls of amnesia
 s - 3 scrolls of fear
 z - a scroll of remove curse
Jewellery
 e - a ring of protection from magic (left hand)
 p - a +3 ring of strength (right hand)
 w - an uncursed ring of sustain abilities
Potions
 i - a potion of restore abilities
 j - 5 potions of heal wounds
 k - 5 potions of curing
Books
 G - a book of War Chants

   Spells                             Type                      Level
   Fire Brand                         Charms/Fire                  2
   Freezing Aura                      Charms/Ice                   2
   Shroud of Golubria                 Charms/Translocation         2
   Repel Missiles                     Charms/Air                   2
   Poison Weapon                      Charms/Poison                3
   Regeneration                       Charms/Necromancy            3


   Skills:
 - Level 3.6 Fighting
 + Level 16.9 Maces & Flails
 - Level 3.6 Armour
   Level 3.6 Shields


You had 9 spell levels left.
You didn't know any spells.

Dungeon Overview and Level Annotations

Branches:
Dungeon (9/15)             Temple (0/1) D:4            Lair (0/8) D:8
    Orc: D:9-12

Altars:
Fedhas
Nemelex Xobeh
Okawaru

Annotations:
D:9 Psyche


Innate Abilities, Weirdness & Mutations

You reflexively headbutt those who attack you in melee.
You have a pair of horns on your head.


Message History

The tentacled starspawn is moderately damaged.
You hit the tentacled starspawn. You headbutt the tentacled starspawn.
The tentacled starspawn is heavily damaged.
A tentacle flies out from the starspawn's body!
You hit the tentacled starspawn but do no damage.
You headbutt the tentacled starspawn, but do no damage.
The tentacled starspawn is heavily damaged.
You hit the tentacled starspawn.
The tentacled starspawn is heavily damaged.
The tentacled starspawn bites you but does no damage.
The tentacled starspawn engulfs you! The starspawn tentacle grabs you.
The starspawn tentacle constricts you.
You thump the starspawn tentacle!
The starspawn tentacle is severely damaged.
You bludgeon the starspawn tentacle!!
You destroy the starspawn tentacle!
The tentacled starspawn bites you!
* * * LOW HITPOINT WARNING * * *
The tentacled starspawn engulfs you!
You die...

#...##. #.##
# .#...#.#
#.####
....#.#
≈..### .
#..#.#≈≈..#
.. . #..#.
≈x..##. ..#
#....+≈...
8.... #
#..#.#≈...#'.
. #..#.# ...
#. .# #@.#.##
..### .. .
#X.# .# # ##
. ...##..
#####
##.###.## #.
.. #..
#.#####≈ .
### ##..
.###≈ ≈ ##.
.### ####.. .
# ##


You could see a tentacled starspawn.

Vanquished Creatures
  Joseph (D:8)
  Grinder (D:6)
  A hungry ghost (D:8)
  Eustachio (D:8)
  3 wargs (D:8)
  An orc warrior (D:6)
  A phantom (D:5)
  2 ogres
  An ice beast (D:8)
  Duvessa (D:6)
  3 centaurs (D:5)
  4 wandering mushrooms (D:8)
  Blork the orc (D:6)
  2 giant frogs
  A gnoll sergeant (D:4)
  The ghost of sohrabkorkchi the Traitor, a weakling CeDK of Yredelemnul (D:3)
  5 scorpions
  4 killer bees (D:8)
  10 wights
  2 oklob saplings (D:8)
  A troll skeleton (D:9)
  Dowan (D:6)
  2 crimson imps
  2 jellies
  2 orc priests
  An iguana (D:8)
  5 hounds
  7 worker ants
  9 orc wizards
  A sky beast zombie (D:6)
  A hound zombie (D:8)
  A hound skeleton (D:4)
  A scorpion zombie (D:6)
  3 gnolls (D:4)
  14 adders
  2 shadow imps
  A giant mite (D:3)
  4 worms
  2 orc zombies
  2 giant eyeballs
  22 orcs
  A ball python (D:1)
  16 bats
  9 giant cockroaches
  8 goblins
  9 hobgoblins
  10 kobolds
  5 quokkas
  3 giant geckos
  A giant gecko skeleton (D:6)
  6 giant newts
  A hobgoblin skeleton (D:6)
  3 jackals (D:2)
  A kobold skeleton (D:7)
  18 rats
  2 rat skeletons
  A rat zombie (D:6)
  A starspawn tentacle (Abyss:1)
225 creatures vanquished.

Notes
Turn   | Place    | Note
--------------------------------------------------------------
     0 | D:1      | Kae, the Minotaur Fighter, began the quest for the Orb.
     0 | D:1      | Reached XP level 1. HP: 19/19 MP: 1/1
   225 | D:1      | Reached XP level 2. HP: 17/26 MP: 1/1
   450 | D:1      | Reached skill level 4 in Maces & Flails
   970 | D:1      | Reached XP level 3. HP: 29/31 MP: 2/2
  1230 | D:2      | Reached skill level 5 in Maces & Flails
  1406 | D:2      | Reached XP level 4. HP: 39/39 MP: 2/2
  1919 | D:3      | Reached skill level 6 in Maces & Flails
  1985 | D:3      | Reached XP level 5. HP: 41/45 MP: 2/2
  2038 | D:3      | Noticed sohrabkorkchi's ghost (weakling CeDK)
  2044 | D:3      | Killed sohrabkorkchi's ghost
  2044 | D:3      | Reached skill level 7 in Maces & Flails
  2285 | D:3      | Found an iron altar of Okawaru.
  2380 | D:3      | Became a worshipper of Warmaster Okawaru
  2942 | D:4      | Reached XP level 6. HP: 37/51 MP: 3/3
  3042 | D:4      | Reached skill level 8 in Maces & Flails
  3539 | D:4      | Found a staircase to the Ecumenical Temple.
  3830 | D:4      | Paralysed by a potion of paralysis for 7 turns
  3845 | D:4      | Reached skill level 9 in Maces & Flails
  4212 | D:4      | Paralysed by a giant eyeball for 4 turns
  4365 | D:5      | Entered Level 5 of the Dungeon
  4375 | D:5      | Reached XP level 7. HP: 32/57 MP: 3/3
  4534 | D:5      | Reached skill level 10 in Maces & Flails
  4640 | D:5      | Paralysed by a giant eyeball for 4 turns
  4715 | D:5      | Acquired Okawaru's first power
  4925 | D:5      | Reached skill level 11 in Maces & Flails
  4960 | D:5      | Reached XP level 8. HP: 31/64 MP: 3/3
  5370 | D:5      | Found a sparkling altar of Nemelex Xobeh.
  5371 | D:5      | Found a blossoming altar of Fedhas.
  5526 | D:6      | Reached skill level 12 in Maces & Flails
  5594 | D:6      | Noticed Duvessa
  5594 | D:6      | Noticed Dowan
  5598 | D:6      | Killed Duvessa
  5604 | D:6      | Killed Dowan
  5820 | D:6      | Noticed Grinder
  5829 | D:6      | Killed Grinder
  5829 | D:6      | Reached skill level 13 in Maces & Flails
  6070 | D:6      | Noticed Blork the orc
  6085 | D:6      | Killed Blork the orc
  6266 | D:6      | Reached XP level 9. HP: 56/70 MP: 4/4
  6741 | D:7      | Reached skill level 14 in Maces & Flails
  7592 | D:8      | Noticed Eustachio
  7618 | D:8      | Killed Eustachio
  7668 | D:8      | Noticed Joseph
  7859 | D:8      | Killed Joseph
  7859 | D:8      | Reached skill level 15 in Maces & Flails
  8503 | D:8      | Reached skill level 16 in Maces & Flails
  9015 | D:8      | Found a staircase to the Lair.
  9070 | D:8      | Reached XP level 10. HP: 63/77 MP: 4/4
  9294 | D:8      | Found a blossoming altar of Fedhas.
 10128 | D:9      | Noticed Psyche
 10137 | D:9      | Cast into the Abyss (Psyche)
 10218 | Abyss:1  | Noticed a tentacled starspawn
 10227 | Abyss:1  | Mangled by a tentacled starspawn

Action                   |  1- 3 |  4- 6 |  7- 9 | 10-12 || total
-------------------------+-------+-------+-------+-------++-------
Melee: Flail             |   102 |   218 |   103 |       ||   423
       Dire flail        |       |       |   244 |    75 ||   319
Invok: Heroism           |       |       |     1 |     1 ||     2
Evoke: Wand              |       |     1 |       |       ||     1
  Use: Scroll            |       |     9 |     3 |     2 ||    14
       Potion            |       |     5 |     2 |     3 ||    10
